 Dungeon Crawl Stone Soup version 0.27-a0-406-g23f261fbd2 (webtiles) character file.

Game seed: 2397737219294804145

198 rednaxela the Ducker (level 5, -3/27 HPs)
             Began as a Spriggan Monk on Feb 22, 2021.
             Was an Initiate of Gozag.
             Slain by an ogre
             ... wielding a +0 giant spiked club
              (30 damage)
             ... on level 4 of the Dungeon.
             The game lasted 00:09:48 (4195 turns).

rednaxela the Ducker (Spriggan Monk)                Turns: 4195, Time: 00:09:49

Health: -3/27      AC:  3    Str:  8    XL:     5   Next: 47%
Magic:  6/6        EV: 22    Int: 12    God:    Gozag
Gold:   437        SH:  0    Dex: 17    Spells: 4/4 levels left

rFire    . . .     SeeInvis +   m - +1 dagger (elec)
rCold    . . .     Faith    .   (shield restricted)
rNeg     . . .     Spirit   .   b - +1 robe
rPois    .         Reflect  .   (helmet restricted)
rElec    .         Harm     .   (no cloak)
rCorr    +         Rampage  .   (gloves unavailable)
Will     .....                  (boots unavailable)
Stlth    ++........             (no amulet)
HPRegen  0.09/turn              f - ring of resist corrosion
MPRegen  0.10/turn              (no ring)

@: very quick
A: very small, unfitting armour, see invisible, speed 3
a: Renounce Religion, Potion Petition, Call Merchant, Bribe Branch


You were on level 4 of the Dungeon.
You worshipped Gozag.
Gozag was aware of your devotion.
You visited 1 branch of the dungeon, and saw 4 of its levels.

You collected 437 gold pieces.

Inventory:

Hand Weapons
 m - a +1 dagger of electrocution (weapon)
   (You found it on level 1 of the Dungeon)
Missiles
 a - 18 poisoned darts (quivered)
Armour
 b - a +1 robe (worn)
Jewellery
 f - a ring of resist corrosion (left hand)
   (You found it on level 1 of the Dungeon)
Wands
 d - a wand of iceblast (7) {@v2}
   (You found it on level 3 of the Dungeon)
Scrolls
 c - 2 scrolls of teleportation {@r3 !r}
 j - a scroll of amnesia
 k - a scroll of fear {!r}
 l - a scroll of fog {!r}
Potions
 e - a potion of haste {unknown}
 g - a potion of degeneration {unknown}
 h - 2 potions of heal wounds {unknown}
 i - a potion of invisibility {unknown}


   Skills:
 - Level 2.4 Fighting
 + Level 5.3 Short Blades
 + Level 6.5 Dodging
 - Level 3.0 Stealth


You had 4 spell levels left.
You didn't know any spells.
Your spell library was empty.

Dungeon Overview and Level Annotations

Branches:
Dungeon (4/15)
 Temple: D:4-7

Altars:
Gozag


Innate Abilities, Weirdness & Mutations

You are very small and have problems with some larger weapons.
You are too small for most types of armour.
You have supernaturally acute eyesight. (SInv)
You cover ground extremely quickly.


Message History

The worker ant is heavily wounded.
The worker ant bites you!
You hit the worker ant but do no damage.
The worker ant is heavily wounded.
The worker ant bites you but does no damage.
You hit the worker ant but do no damage.
Lightning courses through the worker ant!
You kill the worker ant!
You see here 7 gold pieces.
You completely miss the adder skeleton. The adder skeleton misses you.
You hit the adder skeleton.
The adder skeleton is lightly damaged.
The adder skeleton bites you.
* * * LOW HITPOINT WARNING * * *
You closely miss the adder skeleton.
The adder skeleton is lightly damaged.
You hit the adder skeleton.
The adder skeleton is moderately damaged.
The adder skeleton misses you.
You hit the adder skeleton.
The adder skeleton is heavily damaged.
The adder skeleton barely misses you.
You hit the adder skeleton.
The adder skeleton is severely damaged.
The adder skeleton completely misses you.
You hit the adder skeleton.
The adder skeleton is almost destroyed.
The adder skeleton completely misses you.
You hit the adder skeleton.
You destroy the adder skeleton!
You now have 430 gold pieces (gained 6).
You now have 437 gold pieces (gained 7).
There is a stone staircase leading up here.
You climb upwards.
There is a stone staircase leading down here.
You start resting.
HP restored.
You climb downwards.
There is a stone staircase leading up here.
An orc comes into view. It is wielding a +0 dagger.
An orc is nearby!
An orc is nearby!
An ogre comes into view. It is wielding a +0 giant spiked club.
The ogre shouts!
The orc shouts!
You hit the orc.
The orc is moderately wounded.
The orc completely misses you.
You hit the orc. Lightning courses through the orc!
You kill the orc!
Throw: 23 darts (poison)
Press: ? - help, Q - select action Shift-Dir - straight line, f - ogre
Aim: an ogre, wielding a +0 giant spiked club (75% to hit)
You throw a poisoned dart. The poisoned dart hits the ogre.
The ogre is poisoned.
Throw: 22 darts (poison)
Press: ? - help, Q - select action Shift-Dir - straight line, f/p - ogre
Aim: an ogre, wielding a +0 giant spiked club (poisoned, 75% to hit)
You throw a poisoned dart. The poisoned dart hits the ogre.
The ogre looks even sicker.
a - 22 poisoned darts (gained 1) Throw: 22 darts (poison)
Press: ? - help, Q - select action Shift-Dir - straight line, f/p - ogre
Aim: an ogre, wielding a +0 giant spiked club (heavily wounded, poisoned, 75% to hit)
You throw a poisoned dart. The poisoned dart hits the ogre.
The ogre is heavily wounded.
Throw: 21 darts (poison)
Press: ? - help, Q - select action Shift-Dir - straight line, f/p - ogre
Aim: an ogre, wielding a +0 giant spiked club (heavily wounded, poisoned, 75% to hit)
You throw a poisoned dart. The poisoned dart hits the ogre.
The ogre looks even sicker.
The ogre is heavily wounded.
Throw: 20 darts (poison)
Press: ? - help, Q - select action Shift-Dir - straight line, f/p - ogre
Aim: an ogre, wielding a +0 giant spiked club (heavily wounded, very poisoned, 75% to hit)
You throw a poisoned dart. The poisoned dart hits the ogre.
The ogre looks even sicker.
The ogre is heavily wounded.
Throw: 19 darts (poison)
Press: ? - help, Q - select action Shift-Dir - straight line, f/p - ogre
Aim: an ogre, wielding a +0 giant spiked club (heavily wounded, very poisoned, 75% to hit)
Okay, then.
You hit the ogre.
The ogre is heavily wounded.
Throw: 19 darts (poison)
Press: ? - help, Q - select action Shift-Dir - straight line, f/p - ogre
Aim: an ogre, wielding a +0 giant spiked club (severely wounded, very poisoned, 75% to hit)
You throw a poisoned dart. The poisoned dart hits the ogre.
The ogre looks even sicker.
The ogre is severely wounded.
You hit the ogre.
The ogre is severely wounded.
The ogre completely misses you.
You closely miss the ogre.
The ogre is severely wounded.
You barely miss the ogre.
The ogre is severely wounded.
The ogre hits you with a +0 giant spiked club!!
Ouch! That really hurt!
You die...
Your body crumbles into a pile of gold.

.........#.>##.....#
............#......#
...........###...... $
.........#...#.......
.###....###....###...#
<..##...........###..#
.........#........# .#
)........###......##.#
[#..............@....#
.#.........#...##O..### ..
.##.......##...###(...##....
## ....... ##..#.#.......#
...... ##.......##..# .#..
..##...##.# ####
...###....### ..#
#....#......##...
#.........(.....#


You could see an ogre (very poisoned).

Vanquished Creatures
  Jessica (D:3)
  A worker ant (D:4)
  3 adders
  2 gnolls (D:3)
  2 oozes (D:1)
  An adder skeleton (D:4)
  3 worms (D:2)
  A leopard gecko (D:1)
  4 orcs (D:4)
  9 giant cockroaches
  8 goblins
  11 hobgoblins
  4 jackals (D:3)
  7 bats
  A frilled lizard (D:1)
  9 kobolds
  9 rats
76 creatures vanquished.

Vanquished Creatures (others)
  15 plants (D:3)
15 creatures vanquished.

Grand Total: 91 creatures vanquished

Notes
Turn   | Place    | Note
-------+----------+-------------------------------------------
     0 | D:1      | rednaxela the Spriggan Monk began the quest for the Orb.
     0 | D:1      | Reached XP level 1. HP: 11/11 MP: 2/2
   186 | D:1      | Reached XP level 2. HP: 16/16 MP: 3/3
   989 | D:1      | Reached skill level 4 in Short Blades
  1352 | D:1      | Reached XP level 3. HP: 12/19 MP: 4/4
  1571 | D:1      | Reached skill level 5 in Dodging
  2128 | D:2      | Found an opulent altar of Gozag.
  2136 | D:2      | Became a worshipper of Gozag Ym Sagoz the Greedy
  2406 | D:2      | Reached XP level 4. HP: 23/23 MP: 5/5
  2985 | D:3      | Found a faded altar of an unknown god.
  3419 | D:3      | Noticed Jessica
  3427 | D:3      | Killed Jessica
  3428 | D:3      | Reached skill level 5 in Short Blades
  3428 | D:3      | Reached skill level 6 in Dodging
  3428 | D:3      | Reached XP level 5. HP: 20/27 MP: 6/6
  4151 | D:4      | Noticed an ogre
  4195 | D:4      | Slain by an ogre

Illustrated notes

Levels and vault maps discovered:
D:1:      minmay_arrival_hallway, layout_basic, minmay_misc_feat_tiny
D:2:      layout_basic, lemuel_crystal_altar
D:3:      layout_basic, serial_bayou, serial_bayou_lagoon_a,
          serial_bayou_shore_a, serial_bayou_crossing, serial_bayou_shore_b,
          serial_bayou_shore_b, chequers_ecumenical_altar_simple, uniq_jessica
D:4:      layout_cave_pools, uniq_duvessa

Skill      XL: |  1  2  3  4 |
---------------+-------------+-----
Short Blades   | 4 5 |  5.3
Dodging        | 5 6 |  6.5
Fighting       | |  2.4
Stealth        | |  3.0

Action                   |  1- 3 |  4- 6 || total
-------------------------+-------+-------++-------
Melee: Short sword       |   112 |       ||   112
       Dagger            |    41 |   111 ||   152
Throw: Dart              |       |     6 ||     6
Evoke: Wand              |       |     1 ||     1
  Use: Scroll            |       |     5 ||     5
 Stab: Sleeping          |     7 |     7 ||    14
       Distracted        |     1 |     1 ||     2
Armor: Robe              |    15 |     5 ||    20
Dodge: Dodged            |   114 |    51 ||   165

Table legend: (Time is in decaauts)
 A = Elapsed time spent in this place.
 B = Non-inter-level travel time spent in this place.
 C = Inter-level travel time spent in this place.
 D = Time resting spent in this place.
 E = Time spent auto-exploring this place.
 F = Levels seen in this place.
 G = Mean time per level.
                   A        B        C        D        E       F      G
               +--------+--------+--------+--------+--------+-----+--------+
         Total |   3280 |   3199 |     81 |    494 |   1980 |   4 |  820.0 |
       Dungeon |   3280 |   3199 |     81 |    494 |   1980 |   4 |  820.0 |
               +--------+--------+--------+--------+--------+-----+--------+

Top non-repeatable levels by time:
     D:1: 1461 daAuts
     D:2: 872 daAuts
     D:3: 862 daAuts
     D:4: 84 daAuts
